 Dungeon Crawl Stone Soup version 0.31-a0-1074-g0b22e4e0f1 (webtiles) character file.

Game seed: 3447741867153025894

1304 backslashecho the Chopper (level 8, 0/64 HPs)
             Began as a Mummy Fighter on Dec 8, 2023.
             Splashed by a jelly's acid (1 damage)
             ... on level 6 of the Dungeon.
             The game lasted 00:10:47 (5634 turns).

backslashecho the Chopper (Mummy Fighter)           Turns: 5634, Time: 00:10:47

Health: 0/64       AC:  2    Str: 21    XL:     8   Next: 31%
Magic:  8/8        EV: 12    Int:  7    God:
Gold:   236        SH:  5    Dex: 12    Spells: 7/7 levels left

rFire   . . .        a - +0 war axe
rCold   . . .        c - +0 buckler
rNeg    + + +        k - +0 chain mail
rPois   ∞            (no helmet)
rElec   .            (no cloak)
rCorr   .            (no gloves)
SInv    .            j - +1 pair of boots
Will    +....        (no amulet) Stlth
                     f - +5 ring of evasion
HPRegen 0.30/turn    o - ring of fire
MPRegen 0.11/turn

%: faith
@: about to teleport, corroded
A: cold resistance 1, negative energy resistance 3, torment resistance 2, heat
vulnerability 1, in touch with death 1, no potions, faith
a: no special abilities


You were on level 6 of the Dungeon.
You visited 1 branch of the dungeon, and saw 6 of its levels.

You collected 236 gold pieces.

Inventory:

Hand Weapons
 a - a +0 war axe (weapon)
 r - the +1 short sword of Wuytianu {freeze, *Slow Str+4 SInv Stlth+}
   (You found it on level 6 of the Dungeon)

   Str+4:     It affects your strength (+4).
   SInv:      It lets you see invisible.
   *Slow:     It may slow you when you take damage.
   Stlth+:    It makes you more stealthy.
Missiles
 b - a curare-tipped dart
 p - 2 throwing nets (quivered)
Armour
 c - a +0 buckler (worn)
 j - a +1 pair of boots (worn)
 k - a +0 chain mail (worn)
Jewellery
 d - a ring of flight
 f - a +5 ring of evasion (left hand)
 o - a ring of fire (right hand)
Scrolls
 e - 8 scrolls of identify {unknown}
 h - a scroll of immolation {unknown}
 i - a scroll of poison {unknown}
 l - a scroll of enchant weapon {unknown}
 m - 2 scrolls of fog {unknown}
 n - a scroll of enchant armour {unknown}
 q - a scroll of fear {unknown}


   Skills:
 + Level 5.8 Fighting
 * Level 6.2 Axes
 - Level 2.4 Armour
 + Level 4.8 Shields


You had 7 spell levels left.
You didn't know any spells.
Your spell library contained the following spells:

 Spells                   Type           Power      Damage    Failure   Level
 Apportation              Tloc           0%         N/A       99%         1
 Kiss of Death            Conj/Necr      0%         2d5       99%         1
 Necrotise                Necr           0%         1d4       99%         1
 Summon Small Mammal      Summ           0%         N/A       99%         1
 Call Canine Familiar     Summ           0%         N/A       100%        3
 Confusing Touch          Hex            0%         N/A       100%        3
 Summon Guardian Golem    Hex/Summ       0%         N/A       100%        3
 Tukima's Dance           Hex            0%         N/A       100%        3
 Dispel Undead            Necr           0%         3d6       100%        4
 Passage of Golubria      Tloc           0%         N/A       100%        4
 Yara's Violent Unravell  Hex/Tmut       0%         3d3       100%        5


Dungeon Overview and Level Annotations

Branches:
Dungeon (6/15)
 Temple: D:4-7

Altars:
Dithmenos
Sif Muna
Vehumet
Yredelemnul

Shops:
D:3 (   D:6 !


Innate Abilities, Weirdness & Mutations

You are immune to poison.
Your flesh is cold resistant. (rC+)
You are immune to negative energy. (rN+++)
You are immune to unholy pain and torment.
You are vulnerable to heat. (rF-)
You are in touch with the powers of death.
You do not drink.
You have a special connection with the divine. (Faith)


Message History

The bullfrog croaks.
A wight comes into view.
It is wielding a +4 short sword of freezing.
The bullfrog moves out of view.
There are monsters nearby!
A jelly comes into view.
A wight comes into view. It is wielding a +3 spear.
You hear a distant slurping noise.
The jelly quivers.
The wight attacks as it pursues you! The wight closely misses you.
The jelly hits you but does no damage. The wight attacks as it pursues you!
You block the wight's attack. The jelly hits you but does no damage.
There is an open door here.
You hit the jelly. The acid corrodes you!
Your hands burn!
The jelly is moderately wounded.
The jelly hits you but does no damage.
You take 1 damage, and have 63/64 hp.
You barely miss the jelly.
The jelly is moderately wounded.
You block the jelly's attack.
You hit the jelly. The acid corrodes you!
Your hands burn!
The jelly is heavily wounded.
The jelly misses you.
You take 3 damage, and have 60/64 hp.
You hit the jelly but do no damage.
Your hands burn!
The jelly is heavily wounded.
The jelly hits you.
You are splashed with acid!
A wight comes into view. It is wielding a +0 great sword.
The jelly hits you.
You are splashed with acid!
You take 20 damage, and have 40/64 hp.
MASSIVE DAMAGE!!
As you read the scroll of teleportation, it crumbles to dust.
You feel strangely unstable. The jelly hits you.
You are splashed with acid!
You take 10 damage, and have 30/64 hp.
Unknown command.
You hit the jelly but do no damage.
Your hands burn!
The jelly is heavily wounded.
The jelly hits you.
You are splashed with acid!
* * * LOW HITPOINT WARNING * * *
You take 16 damage, and have 14/64 hp.
MASSIVE DAMAGE!!
Unknown command.
The wight hits you with a +0 great sword!
* * * LOW HITPOINT WARNING * * *
You take 13 damage, and have 1/64 hp.
MASSIVE DAMAGE!!
Unknown command.
You barely miss the wight. You hit the jelly.
Your hands burn!
You die...

..... ## ####.......
.########.....z...
.+...........F..>. .#
#..# ... ###### .#
#..### #.# #....#
.##### #....# #.#
#.##.# ≈≈≈≈≈≈ ##.#z#
#z# #.##.## #####≈
#.#.# #@# #.##...
#≈≈≈# #.#z# #J#
#######.##### .._≈#
#.#F# ##z####.......#
# #≈≈≈#
#.#.###.zF....#######
# #####≈
#.#.##..z.....# #
≈≈≈≈≈≈
#.#.##........#
###### #...........#
####........# ##
#####+## ##.......##
#.


You could see a bullfrog, a jelly and 4 wights.

Vanquished Creatures
  Grinder (D:5)
  A steam dragon (D:5)
  An ogre (D:6)
  2 phantoms (D:6)
  A kobold brigand (D:6)
  2 scorpions
  An electric eel (D:6)
  A howler monkey (D:5)
  3 hounds
  2 jellies (D:5)
  A sleepcap (D:4)
  2 iguanas
  An orc wizard (D:5)
  4 gnolls (D:6)
  7 adders
  A white imp (D:4)
  2 ufetubi (D:5)
  3 worms
  4 dart slugs
  2 orcs (D:5)
  12 endoplasms
  4 giant cockroaches
  7 goblins
  10 hobgoblins
  5 jackals
  9 quokkas
  6 ball pythons
  5 bats
  2 frilled lizards (D:1)
  8 kobolds
  4 rats
114 creatures vanquished.

Notes
Turn   | Place    | Note
-------+----------+-------------------------------------------
     0 | D:1      | backslashecho the Mummy Fighter began the quest for the
                  | Orb.
     0 | D:1      | Reached XP level 1. HP: 18/18 MP: 1/1
   147 | D:1      | Reached XP level 2. HP: 24/24 MP: 2/2
   163 | D:1      | Reached skill level 2 in Axes
   981 | D:2      | Reached XP level 3. HP: 23/29 MP: 3/3
  1684 | D:3      | Found a radiant altar of Vehumet.
  1730 | D:3      | Found Naeczolala's Weapon Emporium.
  1934 | D:3      | Reached skill level 3 in Axes
  1934 | D:3      | Reached XP level 4. HP: 31/36 MP: 4/4
  2289 | D:4      | Reached XP level 5. HP: 42/42 MP: 5/5
  2503 | D:4      | Reached XP level 6. HP: 44/48 MP: 6/6
  2550 | D:4      | Reached skill level 4 in Axes
  2627 | D:4      | Found a basalt altar of Yredelemnul.
  2830 | D:5      | Entered Level 5 of the Dungeon
  2907 | D:5      | Noticed a steam dragon
  3376 | D:5      | Killed a steam dragon
  3666 | D:5      | Reached XP level 7. HP: 37/55 MP: 7/7
  4397 | D:5      | Noticed Grinder
  4443 | D:5      | Killed Grinder
  4444 | D:5      | Reached skill level 5 in Fighting
  4444 | D:5      | Reached skill level 5 in Axes
  4608 | D:6      | Found Deloawk's Distillery.
  4732 | D:6      | Found a shimmering blue altar of Sif Muna.
  4732 | D:6      | Found a shadowy altar of Dithmenos.
  4804 | D:6      | Reached XP level 8. HP: 54/63 MP: 8/8
  5194 | D:6      | Reached skill level 6 in Axes
  5480 | D:6      | Identified the +1 short sword of Wuytianu {freeze, *Slow
                  | Str+4 SInv Stlth+}
  5633 | D:6      | HP: 1/64 [wight/+0 great sword (14)]
  5634 | D:6      | Splashed by a jelly's acid

Illustrated notes

Levels and vault maps discovered:
D:1:      grunt_arrival_crossed_arrows, layout_loops_ring
D:2:      layout_loops_corners, roderic_filled_cross, st_stairs_5
D:3:      layout_rooms, mainiacjoe_overflow_boulevard, serial_shops,
          nicolae_shop_bloodbath_and_beyond
D:4:      minmay_clustersquares, layout_basic, lemuel_crystal_altar
D:5:      layout_gridville, uniq_grinder
D:6:      layout_basic, elyvilon_altar_1, nicolae_overflow_two_pavilions,
          serial_shops, nicolae_shop_getting_attention

Skill      XL: |  1  2  3  4  5  6  7  8 |
---------------+-------------------------+-----
Axes           | 2 3 4 5 6 |  6.2
Shields        | 3 4 |  4.8
Fighting       | 4 5 |  5.8
Armour         | |  2.4

Action                     |  1- 3 |  4- 6 |  7- 9 || total
---------------------------+-------+-------+-------++-------
  Melee: War axe           |   137 |   173 |   142 ||   452
  Throw: Throwing net      |       |       |     1 ||     1
    Use: Scroll            |       |       |     2 ||     2
 Armour: Scale mail        |    64 |       |       ||    64
         Chain mail        |       |   125 |    93 ||   218
  Dodge: Dodged            |   104 |   134 |    67 ||   305
  Block: Buckler           |    34 |    45 |    34 ||   113

Table legend: (Time is in decaauts)
 A = Elapsed time spent in this place.
 B = Non-inter-level travel time spent in this place.
 C = Inter-level travel time spent in this place.
 D = Time resting spent in this place.
 E = Time spent auto-exploring this place.
 F = Levels seen in this place.
 G = Mean time per level.
                   A        B        C        D        E       F      G
               +--------+--------+--------+--------+--------+-----+--------+
         Total |   5798 |   5281 |    517 |   1107 |   2689 |   6 |  966.3 |
       Dungeon |   5798 |   5281 |    517 |   1107 |   2689 |   6 |  966.3 |
               +--------+--------+--------+--------+--------+-----+--------+

Top non-repeatable levels by time:
     D:4: 1435 daAuts
     D:6: 1114 daAuts
     D:5: 1007 daAuts
     D:2: 985 daAuts
     D:1: 705 daAuts
     D:3: 549 daAuts
